 Dungeon Crawl Stone Soup version 0.32-a0-909-gc671339a80 (webtiles) character file.

Game seed: 9321477259940707798

65 Fractals the Trooper (level 3, -5/33 HPs)
             Began as a Mountain Dwarf Monk on Apr 6, 2024.
             Splashed by a jelly's acid (10 damage)
             ... on level 3 of the Dungeon.
             The game lasted 00:03:34 (1711 turns).

Fractals the Trooper (Mountain Dwarf Monk)          Turns: 1711, Time: 00:03:35

Health: -5/33      AC: -4    Str: 15    XL:     3   Next: 92%
Magic:  3/3        EV: 11    Int: 10    God:
Gold:   97         SH:  0    Dex: 12    Spells: 2/2 levels left

rFire   . . .        a - +1 mace
rCold   . . .        d - orb {light}
rNeg    . . .        e - +0 leather armour
rPois   .            (no helmet)
rElec   .            (no cloak)
rCorr   .            (no gloves)
SInv    .            (no boots)
Will    .....        (no amulet) Stlth
                     (no ring)
HPRegen 0.25/turn    (no ring)
MPRegen 0.08/turn

%: no passive effects
@: confused, ambrosia-drunk, corroded, glowing
A: runic magic, artefact enchanting
a: no special abilities


You were on level 3 of the Dungeon.
You visited 1 branch of the dungeon, and saw 3 of its levels.

You collected 97 gold pieces.

Inventory:

Hand Weapons
 a - a +1 mace (weapon)
Armour
 d - an orb of light (worn)
 e - a +0 leather armour (worn)
Scrolls
 g - a scroll of blinking
 i - a scroll of enchant weapon
 j - a scroll of enchant armour {unknown}
 l - a scroll of revelation {unknown}
 m - a scroll of noise {unknown}
 o - a scroll of identify {unknown}
Potions
 b - a potion of haste {unknown}
 c - a potion of ambrosia
 h - a potion of brilliance {unknown}
 k - 2 potions of degeneration {unknown}
 n - 4 potions of curing {unknown}


   Skills:
 + Level 4.2 Fighting
 - Level 4.0 Maces & Flails
 + Level 1.2 Armour
 + Level 2.7 Dodging


You had 2 spell levels left.
You didn't know any spells.
Your spell library contained the following spells:

 Spells                   Type           Power      Damage    Failure   Level
 Blink                    Tloc           0%         N/A       52%         2
 Jinxbite                 Hex            0%         N/A       52%         2
 Lesser Beckoning         Tloc           0%         N/A       52%         2
 Momentum Strike          Conj/Tloc      0%         3d8       52%         2
 Yara's Violent Unravell  Hex/Alch       0%         3d3       100%        5
 Enfeeble                 Hex            0%         N/A       100%        7


Dungeon Overview and Level Annotations

Branches:
Dungeon (3/15)

Altars:


Innate Abilities, Weirdness & Mutations

Your spellcasting is much less encumbered by armour.
You can use scrolls of enchantment on lesser artefacts.


Message History

No target in view!
You see here a +0 club.
You open the door.
A jelly and an endoplasm come into view.
The jelly quivers.
The endoplasm quivers.
The jelly hits you but does no damage.
You hit the jelly.
Your hands burn!
The jelly is moderately wounded.
The jelly hits you but does no damage. The jelly hits you.
You are splashed with acid!
You hit the jelly but do no damage.
Your hands burn!
The jelly is moderately wounded.
The jelly closely misses you.
You are too injured to fight recklessly!
You are too injured to fight recklessly!
You hit the jelly.
Your hands burn!
The jelly is moderately wounded.
The jelly barely misses you.
You hit the jelly. The acid corrodes you!
Your hands burn!
The jelly is heavily wounded.
The jelly barely misses you.
Unknown command.
You are confused.
You feel invigorated. The jelly hits you.
You are splashed with acid!
* * * LOW HITPOINT WARNING * * *
You hit the jelly.
Your hands burn!
* * * LOW HITPOINT WARNING * * *
The jelly is heavily wounded.
The jelly barely misses you.
Unknown command.
You bump into the rock wall.
The jelly closely misses you.
You sock the jelly!
Your hands burn!
* * * LOW HITPOINT WARNING * * *
The jelly is almost dead.
The jelly hits you. The acid corrodes you!
You are splashed with acid!
* * * LOW HITPOINT WARNING * * *
The jelly hits you.
* * * LOW HITPOINT WARNING * * *
You are splashed with acid!
You die...

#.# #.....# #.#
#.##########
#.####.#)........
#......)<########
#####..####### ######
#.....########## #......
#.#.#####......##J..PJJP
#.#.#.##.......#J#
#.#>#.'....)...#@#
#.#...'........#.#
....#.'......#)#.#
....#.##.....#.#)#
....#####....#.#.#
#.#... #######.##
#.#.#.. ### #.#.##...
#.#.# ###


You could see a jelly and an endoplasm.

Vanquished Creatures
  An adder (D:2)
  3 dart slugs
  3 endoplasms
  2 giant cockroaches
  2 goblins (D:2)
  4 hobgoblins
  6 jackals (D:1)
  10 kobolds
  3 quokkas
  2 ball pythons
  2 bats (D:2)
  6 frilled lizards
  3 rats
47 creatures vanquished.

Notes
Turn   | Place    | Note
-------+----------+-------------------------------------------
     0 | D:1      | Fractals the Mountain Dwarf Monk began the quest for the
                  | Orb.
     0 | D:1      | Reached XP level 1. HP: 19/19 MP: 1/1
   172 | D:1      | Reached XP level 2. HP: 25/26 MP: 2/2
   913 | D:2      | Reached XP level 3. HP: 33/33 MP: 3/3
  1047 | D:2      | Reached skill level 1 in Armour
  1338 | D:2      | Found a faded altar of an unknown god.
  1711 | D:3      | Splashed by a jelly's acid

Illustrated notes

Levels and vault maps discovered:
D:1:      spicycebolla_arrival_xxxplode, layout_basic
D:2:      kennysheep_six_static_rooms, layout_basic,
          chequers_ecumenical_altar_simple_redux
D:3:      cheibrodos_fertilizer, layout_basic, grunt_dithmenos_smoke,
          mainiacjoe_overflow_alcove_2

Skill      XL: |  1  2  3 |
---------------+----------+-----
Maces & Flails | 4 |  4.0
Fighting       | 4 |  4.2
Armour         | 1 |  1.2
Dodging        | |  2.7

Action                     || total
---------------------------++-------
  Melee: Mace              ||   121
    Use: Scroll            ||     3
         Potion            ||     1
 Armour: Leather armour    ||    67
  Dodge: Dodged            ||    83

Table legend: (Time is in decaauts)
 A = Elapsed time spent in this place.
 B = Non-inter-level travel time spent in this place.
 C = Inter-level travel time spent in this place.
 D = Time resting spent in this place.
 E = Time spent auto-exploring this place.
 F = Levels seen in this place.
 G = Mean time per level.
                   A        B        C        D        E       F      G
               +--------+--------+--------+--------+--------+-----+--------+
         Total |   1734 |   1689 |     45 |     59 |   1128 |   3 |  578.0 |
       Dungeon |   1734 |   1689 |     45 |     59 |   1128 |   3 |  578.0 |
               +--------+--------+--------+--------+--------+-----+--------+

Top non-repeatable levels by time:
     D:1: 776 daAuts
     D:2: 753 daAuts
     D:3: 204 daAuts
